3AAA
TORTOLITA DRUMMERS @ HOUSTON BC
08/11/2038
 
TOP OF THE 1ST
Tortolita Drummers batting - Pitching for Houston BC : RHP Shawn Coleman
Pitching: RHP Shawn Coleman
Batting: SHB Roberto Mosca 0-0: Ball
1-0: Called Strike
1-1: Foul Ball, location: 2F
1-2: Strikes out swinging
Batting: SHB Kolby Hay 0-0: Ball
1-0: Called Strike
1-1: Swinging Strike
1-2: Ball
2-2: Ground out 6-3 (Groundball, 4M, EV 97.5 MPH)
Batting: LHB Mario Ramos 0-0: Ball
1-0: Called Strike
1-1: Ball
2-1: Foul Ball, location: 2F
2-2: Foul Ball, location: 2F
2-2: Foul Ball, location: 2F
2-2: Strikes out looking
Top of the 1st over - 0 runs, 0 hits, 0 errors, 0 left on base; Tortolita 0 - Houston 0
BOTTOM OF THE 1ST
Houston BC batting - Pitching for Tortolita Drummers : RHP Cisco Pérez
Pitching: RHP Cisco Pérez
Batting: LHB Jesús Hernández 0-0: Swinging Strike
0-1: Ball
1-1: Foul Ball, location: 2F
1-2: Strikes out looking
Batting: SHB Toby Sutton 0-0: Called Strike
0-1: Called Strike
0-2: Foul Ball, location: 2F
0-2: Ball
1-2: Foul Ball, location: 2F
1-2: Ground out 3-1 (Groundball, 34, EV 104.4 MPH)
Batting: RHB Walt Miller 0-0: Ball
1-0: Ground out 6-3 (Groundball, 6, EV 105.6 MPH)
Bottom of the 1st over - 0 runs, 0 hits, 0 errors, 0 left on base; Tortolita 0 - Houston 0
TOP OF THE 2ND
Tortolita Drummers batting - Pitching for Houston BC : RHP Shawn Coleman
Batting: RHB Tsuneari Hirano 0-0: SINGLE (Flyball, 89S, EV 95.0 MPH)
Batting: RHB Ken Moore 0-0: Called Strike
0-1: Ball
1-1: Foul Ball, location: 2F
1-2: Foul Ball, location: 2F
1-2: Fielders Choice at 2nd, 5-4 (Groundball, 5L, EV 85.0 MPH)
Batting: RHB Blythe Plumpley 0-0: Swinging Strike
0-1: Ball
1-1: Swinging Strike
1-2: 2-RUN HOME RUN (Flyball, 7D, EV 96.9 MPH), Distance : 409 ft
Batting: RHB Tomás Costello 0-0: Called Strike
0-1: Ball
1-1: Foul Ball, location: 2F
1-2: Foul Ball, location: 2F
1-2: Ball
2-2: Ball
3-2: Ground out 6-3 (Groundball, 6, EV 83.8 MPH)
Batting: RHB Steven Rohrs 0-0: Ball
1-0: Ball
2-0: Called Strike
2-1: Ball
3-1: Base on Balls
Batting: RHB Qwuntrezz Knight 0-0: Ball
1-0: Fielders Choice at 2nd, 6-4 (Groundball, 6, EV 90.6 MPH)
Top of the 2nd over - 2 runs, 2 hits, 0 errors, 1 left on base; Tortolita 2 - Houston 0
BOTTOM OF THE 2ND
Houston BC batting - Pitching for Tortolita Drummers : RHP Cisco Pérez
Batting: RHB Ronald Comejo 0-0: Called Strike
0-1: Ball
1-1: Fly out, F9 (Flyball, 9LM, EV 94.4 MPH)
Batting: RHB Mike Howard 0-0: Foul Ball, location: 2F
0-1: Foul Ball, location: 2F
0-2: Ball
1-2: Ball
2-2: SINGLE (Line Drive, 6MD, EV 98.1 MPH)
Batting: RHB Robby Arnold 0-0: Called Strike
Mike Howard steals 2nd base
0-1: Swinging Strike
0-2: Ball
1-2: Ground out 4-3 (Groundball, 4, EV 86.2 MPH)
Mike Howard to third
Batting: RHB José Salinas 0-0: Foul Ball, location: 2F
0-1: Fly out, F8 (Line Drive, 8RM, EV 93.1 MPH)
Bottom of the 2nd over - 0 runs, 1 hit, 0 errors, 1 left on base; Tortolita 2 - Houston 0
TOP OF THE 3RD
Tortolita Drummers batting - Pitching for Houston BC : RHP Shawn Coleman
Batting: SHB Roberto Mosca 0-0: Called Strike
0-1: Fly out, F8 (Line Drive, 8RM, EV 105.0 MPH)
Batting: SHB Kolby Hay 0-0: Ball
1-0: Called Strike
1-1: Ball
2-1: Swinging Strike
2-2: Strikes out looking
Batting: LHB Mario Ramos 0-0: Ball
1-0: Ball
2-0: Called Strike
2-1: Called Strike
2-2: Ball
3-2: Base on Balls
Batting: RHB Tsuneari Hirano 0-0: Called Strike
0-1: Reached on error, E5 (Groundball, 56S, EV 70.6 MPH)
Mario Ramos to second
Batting: RHB Ken Moore 0-0: Ball
1-0: Foul Ball, location: 2F
1-1: Called Strike
1-2: Ball
2-2: Foul Ball, location: 2F
2-2: Strikes out swinging
Top of the 3rd over - 0 runs, 0 hits, 1 error, 2 left on base; Tortolita 2 - Houston 0
BOTTOM OF THE 3RD
Houston BC batting - Pitching for Tortolita Drummers : RHP Cisco Pérez
Batting: RHB Daniel Lindsey 0-0: Ball
1-0: Ground out 4-3 (Groundball, 4, EV 80.0 MPH)
Batting: RHB Omer van de Linde 0-0: Ball
1-0: Ball
2-0: Ball
3-0: Called Strike
3-1: Swinging Strike
3-2: Foul Ball, location: 2F
3-2: SINGLE (Flyball, 89M, EV 96.2 MPH)
Batting: LHB Jesús Hernández 0-0: Called Strike
0-1: Called Strike
0-2: Ball
1-2: Strikes out swinging
Batting: SHB Toby Sutton 0-0: Ball
1-0: Called Strike
1-1: Ground out 1-3 (Groundball, 34S, EV 66.9 MPH)
Bottom of the 3rd over - 0 runs, 1 hit, 0 errors, 1 left on base; Tortolita 2 - Houston 0
TOP OF THE 4TH
Tortolita Drummers batting - Pitching for Houston BC : RHP Shawn Coleman
Batting: RHB Blythe Plumpley 0-0: Called Strike
0-1: Ground out 1-3 (Groundball, P, EV 87.5 MPH)
Batting: RHB Tomás Costello 0-0: Ball
1-0: Foul Ball, location: 2F
1-1: Called Strike
1-2: Fly out, F7 (Line Drive, 7D, EV 93.1 MPH)
Batting: RHB Steven Rohrs 0-0: Ball
1-0: Called Strike
1-1: Ball
2-1: DOUBLE (Line Drive, 7LM, EV 106.2 MPH)
Batting: RHB Qwuntrezz Knight 0-0: Called Strike
0-1: Fly out, F7 (Flyball, 7, EV 86.2 MPH)
Top of the 4th over - 0 runs, 1 hit, 0 errors, 1 left on base; Tortolita 2 - Houston 0
BOTTOM OF THE 4TH
Houston BC batting - Pitching for Tortolita Drummers : RHP Cisco Pérez
Batting: RHB Walt Miller 0-0: Ball
1-0: Foul Ball, location: 2F
1-1: Hit by Pitch
Batting: RHB Ronald Comejo 0-0: Ball
1-0: Called Strike
1-1: Ball
2-1: Grounds into double play, 5-4-3 (Groundball, 56, EV 82.5 MPH)
Batting: RHB Mike Howard 0-0: Ball
1-0: Ball
2-0: Called Strike
2-1: Foul Ball, location: 2F
2-2: Foul Ball, location: 2F
2-2: Ball
3-2: Foul Ball, location: 2F
3-2: Fly out, F7 (Line Drive, 7, EV 105.0 MPH)
Bottom of the 4th over - 0 runs, 0 hits, 0 errors, 0 left on base; Tortolita 2 - Houston 0
TOP OF THE 5TH
Tortolita Drummers batting - Pitching for Houston BC : RHP Shawn Coleman
Batting: SHB Roberto Mosca 0-0: Ball
1-0: Ball
2-0: Fly out, F5 (Popup, 5SF, EV 76.2 MPH)
Batting: SHB Kolby Hay 0-0: Ball
1-0: Swinging Strike
1-1: Ball
2-1: Ball
3-1: Base on Balls
Batting: LHB Mario Ramos 0-0: Called Strike
0-1: Foul Ball, location: 2F
0-2: Strikes out swinging
Batting: RHB Tsuneari Hirano 0-0: Called Strike
0-1: Swinging Strike
0-2: Foul Ball, location: 2F
0-2: Ball
1-2: Foul Ball, location: 2F
1-2: Ball
2-2: Ball
3-2: Base on Balls
Kolby Hay to second
Pitching: RHP Sam White
Batting: RHB Ken Moore 0-0: Ball
1-0: Foul Ball, location: 2F
1-1: Foul Ball, location: 2F
1-2: Ball
2-2: Fly out, F9 (Flyball, 9S, EV 89.4 MPH)
Top of the 5th over - 0 runs, 0 hits, 0 errors, 2 left on base; Tortolita 2 - Houston 0
BOTTOM OF THE 5TH
Houston BC batting - Pitching for Tortolita Drummers : RHP Cisco Pérez
Batting: RHB Robby Arnold 0-0: Swinging Strike
0-1: SOLO HOME RUN (Flyball, 7LD, EV 96.9 MPH), Distance : 358 ft
Batting: RHB José Salinas 0-0: Called Strike
0-1: Foul Ball, location: 2F
0-2: Foul Ball, location: 2F
0-2: Ball
1-2: Strikes out looking
Batting: RHB Daniel Lindsey 0-0: Ball
1-0: Called Strike
1-1: Swinging Strike
1-2: Fly out, F9 (Flyball, 9S, EV 83.1 MPH)
Pitching: RHP Gil Brown
Batting: RHB Omer van de Linde 0-0: Ball
1-0: DOUBLE (Line Drive, 89M, EV 91.2 MPH)
Batting: LHB Jesús Hernández 0-0: Fly out, F8 (Flyball, 89M, EV 83.8 MPH)
Bottom of the 5th over - 1 run, 2 hits, 0 errors, 1 left on base; Tortolita 2 - Houston 1
TOP OF THE 6TH
Tortolita Drummers batting - Pitching for Houston BC : RHP Sam White
Batting: RHB Blythe Plumpley 0-0: SINGLE (Line Drive, 9LS, EV 98.8 MPH)
Batting: RHB Tomás Costello 0-0: Bunted foul
0-1: Bunted foul
0-2: Reached on error, E5 (Groundball, 56S, EV 70.6 MPH)
Blythe Plumpley to third
Batting: RHB Steven Rohrs 0-0: Ball
1-0: Called Strike
1-1: Ball
2-1: Ground out 2-3 (Groundball, 13S, EV 61.9 MPH)
Batting: RHB Qwuntrezz Knight 0-0: Ball
1-0: Called Strike
1-1: Ball
2-1: Ball
3-1: SINGLE (Groundball, 6MD, EV 95.6 MPH)
Blythe Plumpley scores
Tomás Costello to third
Runner from 3rd tries for Home, SAFE, throw by CF to home
Batting: SHB Roberto Mosca 0-0: Ball
1-0: Ball
2-0: Called Strike
2-1: Ball
3-1: Base on Balls
Qwuntrezz Knight to second
Batting: SHB Kolby Hay 0-0: Ball
1-0: Foul Ball, location: 2F
1-1: SINGLE (Groundball, 56, EV 106.2 MPH)
Qwuntrezz Knight to third
Roberto Mosca to second
Batting: LHB Mario Ramos 0-0: Swinging Strike
0-1: Foul Ball, location: 2F
0-2: Ball
1-2: Strikes out swinging
Batting: RHB Tsuneari Hirano 0-0: Ball
1-0: Swinging Strike
1-1: Swinging Strike
1-2: Ball
2-2: Foul Ball, location: 2F
2-2: Foul Ball, location: 2F
2-2: Ball
3-2: SINGLE (Groundball, 4MD, EV 98.1 MPH)
Qwuntrezz Knight scores
Roberto Mosca to third
Kolby Hay to second
Roberto Mosca scores
Kolby Hay to third
Pitching: LHP Steve Costlow
Batting: RHB Ken Moore 0-0: Called Strike
0-1: Swinging Strike
0-2: Strikes out swinging
Top of the 6th over - 4 runs, 4 hits, 1 error, 2 left on base; Tortolita 6 - Houston 1
BOTTOM OF THE 6TH
Houston BC batting - Pitching for Tortolita Drummers : RHP Gil Brown
Batting: SHB Toby Sutton 0-0: Ball
1-0: Ball
2-0: Swinging Strike
2-1: Swinging Strike
2-2: Strikes out swinging
Batting: RHB Walt Miller 0-0: Ball
1-0: Ground out 5-3 (Groundball, 5, EV 100.6 MPH)
Batting: RHB Ronald Comejo 0-0: Fly out, F7 (Flyball, 7D, EV 100.6 MPH)
Bottom of the 6th over - 0 runs, 0 hits, 0 errors, 0 left on base; Tortolita 6 - Houston 1
TOP OF THE 7TH
Tortolita Drummers batting - Pitching for Houston BC : LHP Steve Costlow
Batting: RHB Blythe Plumpley 0-0: Called Strike
0-1: Ball
1-1: SINGLE (Line Drive, 3D, EV 103.8 MPH)
Batting: RHB Tomás Costello 0-0: Ball
1-0: Ball
2-0: Called Strike
2-1: Swinging Strike
2-2: Ball
3-2: Foul Ball, location: 2F
3-2: SINGLE (Groundball, 4MD, EV 96.2 MPH)
Blythe Plumpley to second
Runner from 2nd tries for 3rd, OUT! 8-5
Batting: RHB Steven Rohrs 0-0: Called Strike
0-1: Called Strike
0-2: Strikes out swinging
Batting: RHB Qwuntrezz Knight 0-0: Ball
1-0: Called Strike
1-1: Ball
2-1: Ball
3-1: Swinging Strike
3-2: Foul Ball, location: 2F
3-2: Foul Ball, location: 2F
3-2: Fly out, F8 (Flyball, 89S, EV 87.5 MPH)
Top of the 7th over - 0 runs, 2 hits, 0 errors, 1 left on base; Tortolita 6 - Houston 1
BOTTOM OF THE 7TH
Houston BC batting - Pitching for Tortolita Drummers : RHP Gil Brown
Batting: RHB Mike Howard 0-0: Called Strike
0-1: Ball
1-1: Swinging Strike
1-2: Strikes out swinging
Batting: RHB Robby Arnold 0-0: Ball
1-0: Foul Ball, location: 2F
1-1: Ball
2-1: Ball
3-1: Fly out, F5 (Popup, 5F, EV 69.4 MPH)
Batting: RHB José Salinas 0-0: Swinging Strike
0-1: Swinging Strike
0-2: Strikes out swinging
Bottom of the 7th over - 0 runs, 0 hits, 0 errors, 0 left on base; Tortolita 6 - Houston 1
TOP OF THE 8TH
Tortolita Drummers batting - Pitching for Houston BC : LHP Steve Costlow
Batting: SHB Roberto Mosca 0-0: Ball
1-0: Called Strike
1-1: Swinging Strike
1-2: Ball
2-2: Ground out 4-3 (Groundball, 34, EV 96.2 MPH)
Batting: SHB Kolby Hay 0-0: Ball
1-0: Called Strike
1-1: Ball
2-1: Fly out, F6 (Popup, 6MD, EV 53.1 MPH)
Batting: LHB Mario Ramos 0-0: Ball
1-0: Called Strike
1-1: Swinging Strike
1-2: Ball
2-2: Ball
3-2: Strikes out swinging
Top of the 8th over - 0 runs, 0 hits, 0 errors, 0 left on base; Tortolita 6 - Houston 1
BOTTOM OF THE 8TH
Houston BC batting - Pitching for Tortolita Drummers : RHP Gil Brown
Batting: RHB Daniel Lindsey 0-0: Foul Ball, location: 2F
0-1: Foul Ball, location: 2F
0-2: DOUBLE (Line Drive, 9LM, EV 105.6 MPH)
Batting: RHB Omer van de Linde 0-0: SINGLE (Line Drive, 6MD, EV 96.2 MPH)
Daniel Lindsey to third
Batting: LHB Jesús Hernández 0-0: Foul Ball, location: 2F
0-1: Ball
1-1: Fielders Choice at 2nd, 4-6 (Groundball, 4, EV 93.1 MPH)
Daniel Lindsey scores
Batting: SHB Toby Sutton 0-0: Ball
1-0: Swinging Strike
1-1: Ball
2-1: Foul Ball, location: 2F
2-2: Ball
3-2: Foul Ball, location: 2F
3-2: Strikes out swinging
Batting: RHB Walt Miller 0-0: Ball
1-0: Foul Ball, location: 2F
1-1: Called Strike
1-2: Foul Ball, location: 2F
1-2: Strikes out swinging
Bottom of the 8th over - 1 run, 2 hits, 0 errors, 1 left on base; Tortolita 6 - Houston 2
TOP OF THE 9TH
Tortolita Drummers batting - Pitching for Houston BC : LHP Steve Costlow
Pitching: RHP Júlio Rodríguez
Batting: RHB Tsuneari Hirano 0-0: Ball
1-0: Ball
2-0: Called Strike
2-1: Called Strike
2-2: Foul Ball, location: 2F
2-2: Foul Ball, location: 2F
2-2: Strikes out swinging
Batting: RHB Ken Moore 0-0: Swinging Strike
0-1: Ball
1-1: Foul Ball, location: 2F
1-2: Ball
2-2: Ball
3-2: Ground out 5-3 (Groundball, 56, EV 85.6 MPH)
Batting: RHB Blythe Plumpley 0-0: Ball
1-0: Called Strike
1-1: Foul Ball, location: 2F
1-2: Ball
2-2: Ball
3-2: Foul Ball, location: 2F
3-2: Foul Ball, location: 2F
3-2: DOUBLE (Line Drive, 7LD, EV 103.1 MPH)
Batting: RHB Tomás Costello 0-0: Fly out, F8 (Flyball, 8LD, EV 106.9 MPH)
Top of the 9th over - 0 runs, 1 hit, 0 errors, 1 left on base; Tortolita 6 - Houston 2
BOTTOM OF THE 9TH
Houston BC batting - Pitching for Tortolita Drummers : RHP Gil Brown
Batting: RHB Ronald Comejo 0-0: Ball
1-0: Called Strike
1-1: Ball
2-1: Swinging Strike
2-2: Strikes out swinging
Batting: RHB Mike Howard 0-0: Fly out, F7 (Flyball, 7, EV 97.5 MPH)
Batting: RHB Robby Arnold 0-0: Ball
1-0: Ground out 6-3 (Groundball, 6, EV 79.4 MPH)
Bottom of the 9th over - 0 runs, 0 hits, 0 errors, 0 left on base; Tortolita 6 - Houston 2
Friday, April 17th, 2020 - OOTP Baseball 20.8 Build 74